 Dungeon Crawl Stone Soup version 0.28-a0-1506-g3893175d92 (webtiles) character file.

Game seed: 10738943221264932181

4727 ragingrage the Cleaver (level 10, -2/52 HPs)
             Began as a Gargoyle Artificer on Jan 14, 2022.
             Was a Priest of Okawaru.
             Slain by a two-headed ogre (16 damage)
             ... on level 9 of the Dungeon.
             The game lasted 00:19:11 (10043 turns).

ragingrage the Cleaver (Gargoyle Artificer)        Turns: 10043, Time: 00:19:12

Health: -2/52      AC: 16    Str: 25    XL:     10   Next: 45%
Magic:  10/10      EV: 11    Int: 11    God:    Okawaru [***...]
Gold:   387        SH:  0    Dex: 18    Spells: 9/9 levels left

rFire   . . .      SeeInvis .   a - +0 war axe (vamp)
rCold   . . .      Faith    .   (no shield)
rNeg    + . .      Spirit   .   c - +1 troll leather armour
rPois   ∞          Reflect  .   (no helmet)
rElec   +          Harm     .   (no cloak)
rCorr   .          Rampage  .   B - +0 pair of gloves
Will    .....                   D - +2 pair of boots
Stlth   ++........              K - amulet of regeneration
HPRegen 1.77/turn               p - +6 ring of strength
MPRegen 0.12/turn               w - +6 ring of dexterity

@: no status effects
A: sickness immunity, AC +7, negative energy resistance 1, electricity
resistance, torment resistance 1, petrification resistance
a: Renounce Religion, Heroism


You were on level 9 of the Dungeon.
You worshipped Okawaru.
Okawaru was most pleased with you.
You visited 2 branches of the dungeon, and saw 10 of its levels.
You also visited: Ossuary.

You collected 387 gold pieces.

Inventory:

Hand Weapons
 a - a +0 vampiric war axe (weapon)
 b - a +1 trident of venom
Missiles
 y - 34 poisoned darts
 F - a curare-tipped dart
Armour
 c - a +1 troll leather armour (worn)
 B - a +0 pair of gloves (worn)
 D - a +2 pair of boots (worn)
Jewellery
 p - a +6 ring of strength (left hand)
 w - a +6 ring of dexterity (right hand)
 K - an amulet of regeneration (around neck)
 L - a ring of ice
Wands
 d - a wand of charming (6)
 o - a wand of polymorph (11) (quivered)
 q - a wand of iceblast (7)
 v - a wand of digging (8)
 E - a wand of acid (4)
Scrolls
 h - 6 scrolls of teleportation
 i - a scroll of brand weapon {unknown}
 k - 12 scrolls of identify {unknown}
 l - a scroll of holy word {unknown}
 m - 2 scrolls of enchant weapon {unknown}
 x - 2 scrolls of torment {unknown}
 z - a scroll of silence {unknown}
 H - a scroll of enchant armour
 J - a scroll of fog {unknown}
Potions
 g - a potion of attraction {unknown}
 j - 5 potions of curing
 n - 2 potions of heal wounds
 r - 4 potions of brilliance {unknown}
 s - a potion of resistance {unknown}
 t - 2 potions of invisibility {unknown}
 u - a potion of lignification {unknown}
 A - 2 potions of mutation {unknown}
 C - a potion of might
 G - a potion of haste
Miscellaneous
 e - a piece from Xom's chessboard (15/15)


   Skills:
 - Level 1.1 Fighting
 * Level 13.6 Axes
 - Level 2.1 Armour
 - Level 0.7 Dodging
 - Level 1.1 Stealth
 - Level 2.6 Evocations


You had 9 spell levels left.
You didn't know any spells.
Your spell library contained the following spells:

 Spells                   Type           Power      Damage    Failure   Level
 Magic Dart               Conj           0%         1d3       36%         1
 Static Discharge         Conj/Air       0%         N/A       52%         2
 Fulminant Prism          Conj/Hex       0%         3d6       98%         4
 Iskenderun's Mystic Bla  Conj/Tloc      0%         2d3       98%         4
 Irradiate                Conj/Tmut      0%         3d13      100%        5
 Lee's Rapid Deconstruct  Erth           0%         3d5*      100%        5
 Summon Small Mammal      Summ           Unusable   N/A       N/A         1
 Call Canine Familiar     Summ           Unusable   N/A       N/A         3
 Summon Guardian Golem    Hex/Summ       Unusable   N/A       N/A         3

Dungeon Overview and Level Annotations

Branches:
Dungeon (9/15)             Temple (1/1) D:5         Ossuary (visited)
   Lair: D:8-11         Orc: D:9-12

Altars:
Ashenzari
Cheibriados
Dithmenos
Elyvilon
Fedhas
Gozag
Hepliaklqana
Kikubaaqudgha
Makhleb
Nemelex Xobeh
Okawaru
Qazlal
Uskayaw
Wu Jian
Xom
Yredelemnul
Zin
The Shining One

Annotations:
D:3 exclusion: downstairs
D:4 Duvessa


Innate Abilities, Weirdness & Mutations

You are immune to sickness and miasma.
Your stone body is resilient. (AC +7)
You are immune to poison.
You resist negative energy. (rN+)
You are resistant to electric shocks. (rElec)
You are resistant to unholy torment.
You are immune to petrification.


Message History

No target in view!
Found a stone staircase leading down.
A yak comes into view.
A yak is nearby!
You barely miss the yak. The yak gores you.
You slash the yak!
You feel better.
The yak is moderately wounded.
The yak gores you!
You hit the yak but do no damage.
The yak is moderately wounded.
The yak misses you.
You slash the yak!
You feel better.
The yak is severely wounded.
The yak closely misses you.
You hit the yak.
The yak is severely wounded.
A two-headed ogre comes into view. It is wielding two +0 giant clubs.
The yak gores you but does no damage.
The two-headed ogre shouts in stereo!
You slice the yak!!
You kill the yak!
Okawaru accepts your kill. The two-headed ogre barely misses you.
The two-headed ogre hits you with a +0 giant club!
You slash the two-headed ogre!
You feel better.
The two-headed ogre is lightly wounded.
You slash the two-headed ogre!
You feel better.
The two-headed ogre is moderately wounded.
The two-headed ogre barely misses you. x2
You slash the two-headed ogre!
The two-headed ogre is heavily wounded.
The two-headed ogre hits you with a +0 giant club! x2
You hit the two-headed ogre but do no damage.
The two-headed ogre is heavily wounded.
You slash the two-headed ogre!
You feel better.
The two-headed ogre is severely wounded.
The two-headed ogre hits you with a +0 giant club!
* * * LOW HITPOINT WARNING * * *
The two-headed ogre hits you with a +0 giant club!
You die...

########################
........................
####..#######...@O>.....
......#######.†.........
........................
####.............#######
#.............#
#.............#
#.............#
#.............#
####............


You could see a two-headed ogre.

Vanquished Creatures
  An ugly thing (D:9)
  A wyvern (D:7)
  A vampire (D:9)
  A yak (D:9)
  A golden eye (D:9)
  A steam dragon (D:8)
  2 black bears
  3 orc warriors
  An ice beast (D:7)
  2 necrophages
  4 ogres
  2 centaurs
  6 kobold brigands
  Blork the orc (D:4)
  5 bullfrogs
  A wyvern zombie (D:6)
  A scorpion (D:6)
  A wyvern skeleton (D:3)
  6 water moccasin zombies (Ossuary)
  2 killer bees
  3 wights
  2 howler monkeys
  A bullfrog skeleton (D:6)
  A centaur zombie (D:9)
  2 hounds
  2 orc priests (D:9)
  3 centaur skeletons (D:7)
  An iguana (D:6)
  4 orc wizards
  3 howler monkey zombies
  2 mummies (Ossuary)
  4 gnolls (D:8)
  3 adders
  A shadow imp (D:5)
  A white imp (D:3)
  An adder skeleton (D:4)
  5 adder zombies (Ossuary)
  A worm (D:2)
  2 dart slugs
  14 orcs
  4 ball pythons
  8 bats
  7 endoplasms
  4 giant cockroaches
  4 goblins
  10 hobgoblins
  7 jackals
  23 kobolds
  2 quokkas
  7 frilled lizards
  7 gnoll zombies (Ossuary)
  2 hobgoblin zombies (Ossuary)
  2 kobold zombies (Ossuary)
  6 orc zombies (Ossuary)
  7 rats
199 creatures vanquished.

Vanquished Creatures (collateral kills)
  A scorpion (D:6)
  3 wights (D:6)
  An orc (D:6)
5 creatures vanquished.

Vanquished Creatures (others)
  An orc warrior (D:6)
  A jelly (D:8)
  3 orcs (D:6)
  4 kobolds (D:8)
  8 plants (D:8)
17 creatures vanquished.

Grand Total: 221 creatures vanquished

Notes
Turn   | Place    | Note
-------+----------+-------------------------------------------
     0 | D:1      | ragingrage the Gargoyle Artificer began the quest for the
                  | Orb.
     0 | D:1      | Reached XP level 1. HP: 12/12 MP: 1/1
    35 | D:1      | Reached skill level 1 in Axes
   329 | D:1      | Reached XP level 2. HP: 15/16 MP: 2/2
   635 | D:1      | Reached skill level 2 in Axes
   864 | D:1      | Reached XP level 3. HP: 8/20 MP: 3/3
  1813 | D:2      | Found a faded altar of an unknown god.
  2129 | D:2      | Reached skill level 3 in Axes
  2583 | D:3      | Reached XP level 4. HP: 20/25 MP: 4/4
  2679 | D:3      | Found a broken altar of Ashenzari.
  2735 | D:3      | Reached skill level 4 in Axes
  2735 | D:3      | Reached XP level 5. HP: 9/29 MP: 5/5
  3574 | D:4      | Noticed a black bear
  3637 | D:4      | Noticed Blork the orc
  3649 | D:4      | Killed Blork the orc
  3725 | D:4      | Noticed an ogre
  3747 | D:4      | Killed an ogre
  3748 | D:4      | Reached skill level 5 in Axes
  3748 | D:4      | Reached XP level 6. HP: 22/34 MP: 6/6
  3988 | D:4      | Noticed Duvessa
  4840 | D:3      | Reached skill level 6 in Axes
  5094 | D:5      | Entered Level 5 of the Dungeon
  5156 | D:5      | Reached XP level 7. HP: 20/38 MP: 7/7
  5349 | D:5      | Reached skill level 7 in Axes
  5616 | D:5      | Found a staircase to the Ecumenical Temple.
  5620 | D:5      | Got the Papyrus of Damage Dealing
  6269 | D:6      | Found a sand-covered staircase.
  6296 | Ossuary  | Entered an ossuary
  6332 | Ossuary  | Reached skill level 8 in Axes
  6332 | Ossuary  | Reached XP level 8. HP: 34/43 MP: 8/8
  6789 | Ossuary  | Reached skill level 9 in Axes
  7196 | D:6      | Reached skill level 10 in Axes
  7339 | D:6      | Reached XP level 9. HP: 13/47 MP: 9/9
  7623 | Temple   | Entered the Ecumenical Temple
  7762 | Temple   | Became a worshipper of Warmaster Okawaru
  8112 | D:7      | HP: 1/47 [wyvern (4)]
  8287 | D:7      | Reached skill level 11 in Axes
  8642 | D:8      | Reached * piety under Okawaru
  9181 | D:8      | Reached skill level 12 in Axes
  9335 | D:9      | Noticed a hornet
  9338 | D:9      | a hornet changed into a golden eye
  9460 | D:9      | Noticed a kobold demonologist
  9487 | D:9      | Reached ** piety under Okawaru
  9488 | D:9      | Reached XP level 10. HP: 39/52 MP: 10/10
  9893 | D:9      | Noticed a green ugly thing
  9906 | D:9      | Killed a green ugly thing
  9907 | D:9      | Reached skill level 13 in Axes
 10012 | D:9      | Reached *** piety under Okawaru
 10034 | D:9      | Noticed a two-headed ogre
 10043 | D:9      | Slain by a two-headed ogre

Illustrated notes

Levels and vault maps discovered:
D:1:      minmay_arrival_shattered_statue, layout_loops_ring
D:2:      layout_loops_ring, nicolae_ecumenical_lake_church
D:3:      layout_basic, mainiacjoe_overflow_small_starburst
D:4:      layout_rooms, nicolae_ru_path_of_blood, mainiacjoe_overflow_alcove_4,
          lemuel_blue_sif_altar, uniq_grinder, uniq_blork_the_orc, uniq_duvessa
D:5:      layout_gridville, minmay_temple_entry_from_below_b
D:6:      layout_gridville, enter_ossuary_1
D:7:      layout_basic
D:8:      layout_loops_cross, nicolae_grassy_gnolls
D:9:      nzn_winding_woodlands_medium [nzn_winding_woodlands_5x5_checkerboard,
          nzn_winding_woodlands_5x15_river_crossing,
          nzn_winding_woodlands_hourglass, nzn_winding_woodlands_5x5_open_star,
          nzn_winding_woodlands_center_lodge,
          nzn_winding_woodlands_5x5_closed_star,
          nzn_winding_woodlands_5x5_default, nzn_winding_woodlands_5x15_eye,
          nzn_winding_woodlands_5x5_three], layout_long_grid, special_room
          [special_room_orc]
Temple:   minmay_crystal_spiral_temple

Skill      XL: |  1  2  3  4  5  6  7  8  9 10 |
---------------+-------------------------------+-----
Axes           | 1 2 3 4 5 6 8 10 12 13 | 13.6
Fighting       | |  1.1
Armour         | |  2.1
Dodging        | |  0.7
Stealth        | |  1.1
Evocations     | |  2.6

Action                   |  1- 3 |  4- 6 |  7- 9 | 10-12 || total
-------------------------+-------+-------+-------+-------++-------
Melee: Hand axe          |   172 |   121 |   571 |       ||   864
       Punch             |     3 |       |     8 |       ||    11
       Trident           |       |       |    58 |    50 ||   108
       War axe           |       |       |       |    61 ||    61
Throw: Dart              |       |    12 |       |       ||    12
Evoke: Wand              |       |    17 |    16 |     4 ||    37
  Use: Scroll            |       |       |     3 |       ||     3
       Potion            |       |       |     4 |       ||     4
 Stab: Sleeping          |     3 |       |     2 |       ||     5
Armor: Leather armour    |    67 |    20 |       |       ||    87
       Scale mail        |       |    38 |    16 |       ||    54
       Troll leather arm |       |       |   241 |    46 ||   287
Dodge: Dodged            |   135 |    67 |   290 |    75 ||   567

Table legend: (Time is in decaauts)
 A = Elapsed time spent in this place.
 B = Non-inter-level travel time spent in this place.
 C = Inter-level travel time spent in this place.
 D = Time resting spent in this place.
 E = Time spent auto-exploring this place.
 F = Levels seen in this place.
 G = Mean time per level.
                   A        B        C        D        E       F      G
               +--------+--------+--------+--------+--------+-----+--------+
         Total |   9964 |   9510 |    454 |   2829 |   4606 |  11 |  905.8 |
       Dungeon |   9162 |   8808 |    354 |   2615 |   4384 |   9 | 1018.0 |
        Temple |    246 |    146 |    100 |      0 |    129 |   1 |  246.0 |
       Ossuary |    555 |    555 |      0 |    214 |     93 |   1 |  555.0 |
               +--------+--------+--------+--------+--------+-----+--------+

Top non-repeatable levels by time:
     D:3: 2232 daAuts
     D:1: 1543 daAuts
     D:6: 1030 daAuts
     D:2: 1015 daAuts
     D:5: 928 daAuts
     D:8: 786 daAuts
     D:9: 697 daAuts
     D:7: 575 daAuts
 Ossuary: 555 daAuts
     D:4: 352 daAuts
  Temple: 246 daAuts
